 Dungeon Crawl Stone Soup version 0.30-a0-1161-g0704695555 (webtiles) character file.

Game seed: 8374615462742301079

1094 Armakuni the Trooper (level 8, -1/64 HPs)
             Began as a Human Artificer on Apr 27, 2023.
             Was an Initiate of Gozag.
             Slain by a water moccasin (4 damage)
             ... on level 6 of the Dungeon on Apr 28, 2023.
             The game lasted 00:17:42 (5771 turns).

Armakuni the Trooper (Human Artificer)              Turns: 5771, Time: 00:17:42

Health: -1/64      AC:  7    Str: 15    XL:     8   Next: 57%
Magic:  8/8        EV: 12    Int: 11    God:    Gozag
Gold:   249        SH:  0    Dex: 14    Spells: 7/7 levels left

rFire   . . .        a - +1 morningstar
rCold   + . .        (no shield)
rNeg    . . .        h - +0 ring mail
rPois   .            w - +0 helmet "Keilat" {+Blink rC+ Slay+2}
rElec   .            (no cloak)
rCorr   .            (no gloves)
SInv    +            (no boots)
Will    +....        (no amulet)
Stlth   +            I - ring of see invisible
HPRegen 0.30/turn    W - ring of willpower
MPRegen 0.11/turn

%: no passive effects
@: lethally poisoned (-1 -> -20)
A: no striking features
a: Renounce Religion, Evoke Blink, Potion Petition, Call Merchant, Bribe Branch


You were on level 6 of the Dungeon.
You worshipped Gozag.
Gozag was aware of your devotion.
You visited 2 branches of the dungeon, and saw 7 of its levels.

You collected 344 gold pieces.
You paid 95 gold pieces to Gozag.

Inventory:

Hand Weapons
 a - a +1 morningstar (weapon)
 b - a +0 sling
Missiles
 k - 2 throwing nets
 q - 8 boomerangs
Armour
 h - a +0 ring mail (worn)
 i - a +0 leather armour
 w - the +0 helmet "Keilat" (worn) {+Blink rC+ Slay+2}
   (You found it on level 4 of the Dungeon)

   Slay:      It affects your accuracy & damage with ranged weapons and melee
   (+2).
   rC:        It protects you from cold.
   +Blink:    It lets you blink.
Jewellery
 I - a ring of see invisible (left hand)
 W - a ring of willpower (right hand)
Wands
 c - a wand of charming (9)
 p - a wand of polymorph (6)
 v - a wand of flame (9) (quivered)
Scrolls
 d - a scroll of silence
 e - 2 scrolls of poison
 j - a scroll of vulnerability {unknown}
 u - a scroll of magic mapping {unknown}
Potions
 f - 3 potions of flight
 g - 2 potions of curing {unknown}
 l - a potion of resistance {unknown}
 m - 2 potions of haste {unknown}
 n - 3 potions of heal wounds
 o - a potion of brilliance {unknown}
 r - a potion of mutation {unknown}
 s - 3 potions of might {unknown}
 t - a potion of lignification {unknown}


   Skills:
 - Level 6.0 Fighting
 - Level 3.0 Maces & Flails
 - Level 4.0 Armour
 + Level 3.8 Dodging
 - Level 1.0 Stealth
 - Level 5.0 Evocations


You had 7 spell levels left.
You didn't know any spells.
Your spell library was empty.

Dungeon Overview and Level Annotations

Branches:
Dungeon (6/15)             Temple (1/1) D:5

Altars:
Ashenzari
Cheibriados
Elyvilon
Fedhas
Gozag
Hepliaklqana
Kikubaaqudgha
Makhleb
Nemelex Xobeh
Okawaru
Qazlal
Ru
Sif Muna
Trog
Uskayaw
Vehumet
Xom
Zin
The Shining One

Annotations:
D:4 3 runed translucent doors, qborf's ghost, amateur FoEE
D:5 2 transporters, windycow's ghost, amateur TrEE


Message History

The water moccasin is no longer distracted by gold.
You feel sick.
You are no longer poisoned.
You hit the water moccasin.
The water moccasin is moderately wounded.
The water moccasin bites you.
You puncture the water moccasin!
The water moccasin is severely wounded.
The water moccasin closely misses you. The water moccasin bites you!
You are poisoned.
The water moccasin poisons you!
You closely miss the water moccasin.
The water moccasin is severely wounded.
You feel very sick.
The water moccasin bites you but does no damage.
The water moccasin bites you.
You are more poisoned.
The water moccasin poisons you!
You hit the water moccasin.
The water moccasin is almost dead.
* * * LOW HITPOINT WARNING * * *
You feel very sick. The water moccasin bites you.
* * * LOW HITPOINT WARNING * * *
The water moccasin closely misses you.
You barely miss the water moccasin.
The water moccasin is almost dead.
* * * LOW HITPOINT WARNING * * *
You feel very sick. The water moccasin bites you.
* * * LOW HITPOINT WARNING * * *
You are lethally poisoned!
The water moccasin poisons you! The water moccasin closely misses you.
You closely miss the water moccasin.
The water moccasin is almost dead.
* * * LOW HITPOINT WARNING * * *
You feel extremely sick. The water moccasin barely misses you.
The water moccasin bites you.
You die...
Your body crumbles into a pile of gold.

$ ... .. .....#.## .
.....#..### ##..
#...$.....####...#
#...............#
#........#..<#
#....$..>..##
#.....S@....# #
####.......##
..#.###...........#
...#......#.$....##..#
...#.#...........# ###
........###....###
.......###......#
........#.......#
.............####


You could see a water moccasin.

Vanquished Creatures
  A steam dragon (D:6)
  A water moccasin (D:5)
  2 black bears (D:4)
  2 centaurs (D:5)
  A phantom (Temple)
  A scorpion (D:5)
  An orc priest (D:5)
  A jelly (D:5)
  3 hounds
  A sleepcap (D:5)
  An iguana (D:5)
  11 adders
  A white imp (D:4)
  2 ufetubi
  A worm (D:3)
  4 dart slugs
  7 orcs
  5 endoplasms
  2 giant cockroaches
  6 goblins
  8 hobgoblins
  3 jackals (D:1)
  4 kobolds
  4 quokkas
  6 ball pythons
  6 bats
  5 frilled lizards
  5 rats
95 creatures vanquished.

Vanquished Creatures (collateral kills)
  4 orcs (D:4)
  A jackal (D:1)
5 creatures vanquished.

Vanquished Creatures (others)
  A jackal (D:1)
  6 plants (D:5)
7 creatures vanquished.

Grand Total: 107 creatures vanquished

Notes
Turn   | Place    | Note
-------+----------+-------------------------------------------
     0 | D:1      | Armakuni the Human Artificer began the quest for the Orb.
     0 | D:1      | Reached XP level 1. HP: 15/15 MP: 1/1
   204 | D:1      | Reached XP level 2. HP: 19/22 MP: 2/2
   222 | D:1      | Reached skill level 2 in Fighting
   611 | D:1      | Reached XP level 3. HP: 24/28 MP: 3/3
   943 | D:1      | Reached skill level 3 in Fighting
  1634 | D:2      | Reached XP level 4. HP: 25/35 MP: 4/4
  1722 | D:2      | Reached skill level 1 in Maces & Flails
  2516 | D:3      | Reached XP level 5. HP: 30/41 MP: 5/5
  2593 | D:3      | Found a sacrificial altar of Ru.
  2593 | D:3      | Found a shimmering blue altar of Sif Muna.
  2671 | D:3      | Found a sparkling altar of Nemelex Xobeh.
  3299 | D:3      | Found a glowing golden altar of the Shining One.
  3326 | D:3      | Found an ancient bone altar of Kikubaaqudgha.
  3540 | D:4      | Noticed a black bear
  3569 | D:4      | Found a snail-covered altar of Cheibriados.
  3573 | D:4      | Killed a black bear
  3574 | D:4      | Reached XP level 6. HP: 47/48 MP: 6/6
  3609 | D:4      | Noticed a black bear
  3617 | D:4      | Killed a black bear
  3618 | D:4      | Reached skill level 4 in Fighting
  3845 | D:4      | Reached XP level 7. HP: 44/54 MP: 7/7
  3896 | D:4      | Found a runed translucent gate.
  3896 | D:4      | Noticed qborf's ghost (amateur FoEE)
  3897 | D:4      | Found a runed translucent gate.
  3897 | D:4      | Identified the +4 ring mail of Vehumet's Grace {rC++ Str+2}
  3898 | D:4      | Found a runed translucent gate.
  4157 | D:4      | Identified the +0 helmet "Keilat" {+Blink rC+ Slay+2}
  4394 | D:5      | Entered Level 5 of the Dungeon
  4397 | D:5      | Found a radiant altar of Vehumet.
  4419 | D:5      | Reached skill level 5 in Fighting
  4565 | D:5      | Noticed a water moccasin
  4569 | D:5      | Killed a water moccasin
  4580 | D:5      | Reached skill level 6 in Fighting
  4694 | D:5      | Reached XP level 8. HP: 48/64 MP: 8/8
  4781 | D:5      | Found a transporter.
  4799 | D:5      | Found a staircase to the Ecumenical Temple.
  4808 | Temple   | Entered the Ecumenical Temple
  5184 | Temple   | Became a worshipper of Gozag Ym Sagoz the Greedy
  5595 | D:5      | Reached skill level 5 in Evocations
  5605 | D:5      | Found a transporter.
  5607 | D:5      | Noticed windycow's ghost (amateur TrEE)
  5613 | D:5      | Identified the +8 spear of Forging Anguish {vamp, rElec
                  | Will- Int+5 Dex+3}
  5771 | D:6      | HP: 3/64 [poisoned by a water moccasin]
  5771 | D:6      | Slain by a water moccasin

Illustrated notes

Levels and vault maps discovered:
D:1:      dreamdust_arrival_sigmund_warning, layout_loops_ring
D:2:      layout_loops_corners
D:3:      layout_basic, nemelex_dance_club_becter,
          gammafunk_temple_overflow_statue, mainiacjoe_overflow_catch_the_wave
D:4:      minmay_general_purpose_star, layout_basic, cheibriados_altar_1,
          biasface_ghost_orc_armoury
D:5:      layout_cave_pools, vehumet_altar_wand_db, minmay_temple_entry_trees,
          serial_glass, glass_columns_c, glass_columns_b,
          gammafunk_ghost_gnarly_gnolls
D:6:      layout_cave_pools, grunt_dithmenos_shadows,
          mainiacjoe_overflow_two_lobes, minmay_misc_feat_iff,
          nicolae_shop_clearance
Temple:   minmay_temple_forest_path

Skill      XL: |  1  2  3  4  5  6  7  8 |
---------------+-------------------------+-----
Fighting       | 2 3 4 6 |  6.0
Dodging        | 2 3 |  3.8
Maces & Flails | 2 3 |  3.0
Armour         | 4 |  4.0
Evocations     | 5 |  5.0
Stealth        | |  1.0

Action                     |  1- 3 |  4- 6 |  7- 9 || total
---------------------------+-------+-------+-------++-------
  Melee: Club              |   117 |       |       ||   117
         Mace              |    25 |   120 |       ||   145
         Punch             |       |     3 |     1 ||     4
         Morningstar       |       |    19 |    90 ||   109
  Evoke: Wand              |     9 |    12 |    16 ||    37
    Use: Scroll            |     3 |     1 |     4 ||     8
         Potion            |     1 |       |       ||     1
 Armour: Ring mail         |    59 |    76 |    44 ||   179
         Leather armour    |     4 |       |       ||     4
  Dodge: Dodged            |    81 |   102 |    87 ||   270

Table legend: (Time is in decaauts)
 A = Elapsed time spent in this place.
 B = Non-inter-level travel time spent in this place.
 C = Inter-level travel time spent in this place.
 D = Time resting spent in this place.
 E = Time spent auto-exploring this place.
 F = Levels seen in this place.
 G = Mean time per level.
                   A        B        C        D        E       F      G
               +--------+--------+--------+--------+--------+-----+--------+
         Total |   5887 |   5626 |    261 |    937 |   3309 |   7 |  841.0 |
       Dungeon |   5447 |   5282 |    165 |    937 |   3009 |   6 |  907.8 |
        Temple |    439 |    343 |     96 |      0 |    300 |   1 |  439.0 |
               +--------+--------+--------+--------+--------+-----+--------+

Top non-repeatable levels by time:
     D:3: 1195 daAuts
     D:2: 1152 daAuts
     D:4: 1120 daAuts
     D:1: 1112 daAuts
     D:5: 782 daAuts
  Temple: 439 daAuts
     D:6: 85 daAuts
